 Dungeon Crawl Stone Soup version 0.31.0-32-g396128a36d (webtiles) character file.

Game seed: 2815873540417542794

71430 TacoSundae the Protected (level 14, -7/124 HPs)
             Began as an Armataur Fighter on Apr 12, 2024.
             Was the Champion of Okawaru.
             Killed from afar by an orc sorcerer (48 damage)
             ... with a bolt of fire
             ... while paralysed by an orc sorcerer
             ... on level 2 of the Orcish Mines.
             The game lasted 01:05:13 (19549 turns).

TacoSundae the Protected (Armataur Fighter)        Turns: 19549, Time: 01:05:14

Health: -7/124     AC: 33    Str: 27    XL:     14   Next: 97%
Magic:  21/21      EV:  1    Int:  8    God:    Okawaru [******]
Gold:   2236       SH:  0    Dex: 14    Spells: 13/13 levels left

rFire   . . .        b - +8 demon whip (vamp)
rCold   . . .        O - +0 kite shield
rNeg    + + +        l - +6 scale mail "Cydghogho" {Harm rN++ Dex+4}
rPois   +            q - +1 helmet
rElec   .            C - +2 cloak
rCorr   .            v - +2 pair of gloves
SInv    .            w - +1 barding
Will    +....        i - amulet of reflection Stlth
                     g - ring of poison resistance
HPRegen 4.95/turn    L - ring of positive energy
MPRegen 2.48/turn

%: harm (+30% outgoing, +20% incoming), reflection, roll
@: paralysed, lethally poisoned (-7 -> -7)
A: large, deformed body, tough skin 3, armoured tail, roll 2
a: Renounce Religion, Heroism, Finesse, Duel, Receive Armour


You were on level 2 of the Orcish Mines.
You worshipped Okawaru.
Okawaru was exalted by your worship.
You visited 4 branches of the dungeon, and saw 21 of its levels.
You also visited: Sewer.

You collected 2236 gold pieces.

Inventory:

Hand Weapons
 a - a +1 whip of venom
 b - a +8 vampiric demon whip (weapon)
Missiles
 j - 3 throwing nets
 s - 6 silver javelins
 t - 94 poisoned darts (quivered)
 x - 7 curare-tipped darts
 I - 15 javelins
Armour
 l - the +6 scale mail "Cydghogho" (worn) {Harm rN++ Dex+4}
   (You took it off an orc priest on level 8 of the Dungeon)

   Dex+4:     It affects your dexterity (+4).
   rN++:      It greatly protects you from negative energy.
   Harm:      It increases damage dealt and taken.
 q - a +1 helmet (worn)
 v - a +2 pair of gloves (worn)
 w - a +1 barding (worn)
 C - a +2 cloak (worn)
 N - the +1 scale mail of the Invisible Hand {rElec rF+ rC+ Will-}
   (You found it on level 5 of the Lair of Beasts)

   rF+:       It protects you from fire.
   rC+:       It protects you from cold.
   rElec:     It insulates you from electricity.
   Will-:     It decreases your willpower.
 O - a +0 kite shield (worn)
Jewellery
 c - a ring of fire
 g - a ring of poison resistance (left hand)
 i - an amulet of reflection (around neck)
 L - a ring of positive energy (right hand)
Wands
 p - a wand of acid (10)
 r - a wand of roots (25)
 G - a wand of flame (7)
 J - a wand of polymorph (5)
 P - a wand of paralysis (2)
Scrolls
 h - 7 scrolls of identify
 k - 11 scrolls of teleportation
 y - 2 scrolls of revelation
 B - 5 scrolls of fear
 D - 2 scrolls of fog
 H - a scroll of blinking
 K - 2 scrolls of poison
 M - 2 scrolls of brand weapon
Potions
 d - 4 potions of might
 e - 6 potions of heal wounds
 f - 6 potions of curing
 m - 3 potions of haste
 n - 3 potions of enlightenment
 o - 2 potions of invisibility
 u - 2 potions of berserk rage
 z - 2 potions of attraction
 A - 3 potions of mutation
 E - 4 potions of brilliance
 F - a potion of magic


   Skills:
 + Level 11.1 Fighting
 - Level 12.0 Maces & Flails
 + Level 7.8 Throwing
 + Level 14.2 Armour
 + Level 13.1 Shields
 - Level 10.0 Invocations


You had 13 spell levels left.
You didn't know any spells.
Your spell library contained the following spells:

 Spells                   Type           Power      Damage    Failure   Level
 Magic Dart               Conj           0%         1d3       75%         1
 Necrotise                Necr           0%         1d4       75%         1
 Blink                    Tloc           0%         N/A       87%         2
 Sublimation of Blood     Necr           0%         N/A       87%         2
 Fugue of the Fallen      Necr           0%         N/A       98%         3
 Inner Flame              Hex/Fire       0%         N/A       98%         3
 Ozocubu's Armour         Ice            0%         N/A       98%         3
 Stone Arrow              Conj/Erth      0%         3d7       98%         3
 Vampiric Draining        Necr           0%         2d6       98%         3
 Volatile Blastmotes      Fire/Tloc      0%         2d10      98%         3
 Anguish                  Hex/Necr       0%         N/A       100%        4
 Cause Fear               Hex            0%         N/A       100%        4
 Flame Wave               Conj/Fire      0%         2d4       100%        4
 Fulminant Prism          Conj/Alch      0%         3d5       100%        4
 Iskenderun's Mystic Bla  Conj/Tloc      0%         2d3       100%        4
 Manifold Assault         Tloc           0%         N/A       100%        4
 Petrify                  Alch/Erth      0%         N/A       100%        4
 Sticky Flame             Fire/Alch      0%         2d4       100%        4
 Alistair's Intoxication  Alch           0%         N/A       100%        5
 Borgnjor's Vile Clutch   Necr/Erth      0%         N/A       100%        5
 Curse of Agony           Necr           0%         N/A       100%        5
 Irradiate                Conj/Alch      0%         3d11      100%        5
 Eringya's Noxious Bog    Alch           0%         4d6       100%        6
 Enfeeble                 Hex            0%         N/A       100%        7
 Ozocubu's Refrigeration  Ice            0%         4d7       100%        7
 Borgnjor's Revivificati  Necr           0%         N/A       100%        8
 Lehudib's Crystal Spear  Conj/Erth      0%         10d2      100%        8
 Death's Door             Necr           0%         N/A       100%        9
 Polar Vortex             Ice            0%         N/A       100%        9
 Summon Small Mammal      Summ           Unusable   N/A       N/A         1
 Call Imp                 Summ           Unusable   N/A       N/A         2
 Call Canine Familiar     Summ           Unusable   N/A       N/A         3
 Animate Armour           Summ/Erth      Unusable   N/A       N/A         4
 Martyr's Knell           Necr/Summ      Unusable   N/A       N/A         4
 Summon Blazeheart Golem  Fire/Summ      Unusable   N/A       N/A         4
 Death Channel            Necr           Unusable   N/A       N/A         6
 Sculpt Simulacrum        Ice/Alch       Unusable   N/A       N/A         6
 Haunt                    Necr/Summ      Unusable   N/A       N/A         7

Dungeon Overview and Level Annotations

Branches:
Dungeon (13/15)            Temple (1/1) D:6            Lair (5/5) D:10
  Swamp (0/4) Lair:2       Spider (0/4) Lair:2        Slime (0/5) Lair:5
    Orc (2/2) D:10            Elf (0/3) Orc:2         Sewer (visited)
 Vaults: D:13-14

Altars:
Ashenzari
Cheibriados
Dithmenos
Elyvilon
Fedhas
Gozag
Hepliaklqana
Kikubaaqudgha
Makhleb
Nemelex Xobeh
Okawaru
Qazlal
Ru
Sif Muna
Trog
Uskayaw
Vehumet
Wu Jian
Xom
Yredelemnul
Zin
The Shining One
Jiyva

Shops:
D:2 (   D:13 :   Orc:1 :

Annotations:
D:4 3 runed translucent doors, 0gre's ghost, amateur GnIE
D:6 1 runed translucent door, gamers12's ghost, amateur HOFi
Lair:3 2 runed translucent doors, wWBigheadWw's ghost, journeyman MiBe


Innate Abilities, Weirdness & Mutations

Armour fits poorly on your strangely shaped body.
You have extremely tough skin. (AC +3)
You have a long armoured tail.
You regenerate magic and health when rolling toward enemies. (Rampage Regen)


Message History

Unknown command.
You roll towards the orc priest!
The orc warrior unwields a +0 short sword.
The orc warrior wields a +0 arbalest.
The orc warrior shoots a bolt.
You block the bolt with an invisible shield... and reflect it back!
The bolt hits the orc warrior!
The smoke demon gestures at you. Something smites you!
The orc priest mumbles some strange prayers to Beogh against you.
Beogh smites you!
You completely miss the orc sorcerer.
The orc warrior shoots a bolt.
The bolt hits you!
You whack the orc sorcerer!
You feel better.
The orc sorcerer is heavily wounded.
The orc sorcerer gestures at you while chanting.
You suddenly lose the ability to move!
The orc warrior shoots an arrow.
The arrow hits you!
The orc sorcerer's eyes start to glow.
The orc sorcerer hits you but does no damage.
You are poisoned.
An orc priest comes into view. It is wielding a +0 club.
An orc warrior comes into view. It is wielding a +0 dire flail.
The orc priest hits you but does no damage.
The orc warrior hits you from afar with a +0 halberd!
You feel sick.
The orc priest shouts!
You hear a shout!
The orc warrior shoots a bolt.
The bolt hits you.
The orc sorcerer gestures at you while chanting.
You shrug off the repeated paralysis!
An orc warlord comes into view.
It is wielding a +4 dire flail of protection.
The orc priest hits you but does no damage.
The orc warrior hits you but does no damage.
The orc warrior shoots an arrow.
The arrow hits you but does no damage.
You feel sick.
The orc warlord shouts!
The smoke demon gestures at you. Something smites you!
The orc warrior shoots a bolt.
The bolt hits you! The orc sorcerer casts a spell at you.
The bolt of fire hits you!!!
You die...

##...).........
#...)..........
#.....$.$......
#...).)$$......
#..............
#.....)........
#..............
#..)3..o.......
#...o@.o.......
#...o..o.......
#...o..........
...............#.
..o..............
.oo................
o...o.........>...
.................


You could see an orc warlord, a smoke demon (summoned), an orc sorcerer, 4 orc
warriors, 2 orc priests and an orc.

Vanquished Creatures
  An orc warlord (Orc:2)
  Josephine (Orc:1)
  An ice dragon (Lair:5)
  6 hydras
  A catoblepas (D:13)
  2 two-headed ogres
  3 centaur warriors (D:13)
  6 death yaks
  2 boulder beetles
  Urug (Lair:3)
  3 orc high priests
  A skyshark (Lair:4)
  An arcanist (D:13)
  3 lindwurms (Lair:5)
  A deep elf pyromancer (D:12)
  A wolf spider (Lair:5)
  3 cyclopes
  2 orc knights
  3 oklob plants (Lair:5)
  4 orc sorcerers
  3 ugly things (D:13)
  5 elephants (Lair:5)
  A manticore (D:12)
  A guardian serpent (Lair:5)
  8 black mambas
  A moth of wrath (shapeshifter) (D:13)
  6 torpor snails
  3 kobold blastminers
  11 cane toads
  An unseen horror (D:12)
  4 kobold demonologists
  3 rime drakes
  8 komodo dragons
  5 polar bears
  6 trolls
  9 hornets (Lair:5)
  3 tyrant leeches (Lair:5)
  8 blink frogs
  A jumping spider (Lair:2)
  7 slime creatures
  7 wraiths
  4 shadows
  26 yaks
  17 wyverns
  A basilisk (Lair:1)
  A warg (Orc:2)
  2 redbacks
  3 swamp worms (Lair:2)
  5 vampire mosquitoes
  Edmund (D:4)
  28 water moccasins
  23 orc warriors
  An ice beast (D:6)
  A sky beast (D:7)
  2 laughing skulls (D:13)
  3 black bears
  11 wolves
  6 ogres
  8 centaurs
  4 phantoms
  Blork the orc (D:4)
  18 kobold brigands
  2 scorpions
  5 gnoll sergeants
  18 bullfrogs
  4 killer bees (D:9)
  An electric eel (D:6)
  8 howler monkeys
  2 lava snakes (Lair:4)
  A bombardier beetle (D:6)
  9 hounds
  A jelly (D:5)
  28 orc priests
  2 gnoll boudas (D:6)
  2 iguanas
  24 orc wizards
  5 hell rats (Lair:2)
  33 gnolls
  8 adders
  A river rat (Sewer)
  A shadow imp (D:7)
  3 white imps
  2 dart slugs
  5 ribbon worms
  74 orcs
  7 bats
  8 endoplasms
  7 giant cockroaches
  6 goblins
  5 hobgoblins
  2 jackals (D:6)
  28 kobolds
  6 quokkas
  13 ball pythons
  4 frilled lizards
  5 rats
643 creatures vanquished.

Vanquished Creatures (others)
  An orc wizard (Orc:2)
1 creature vanquished.

Grand Total: 644 creatures vanquished

Notes
Turn   | Place    | Note
-------+----------+-------------------------------------------
     0 | D:1      | TacoSundae the Armataur Fighter began the quest for the
                  | Orb.
     0 | D:1      | Reached XP level 1. HP: 18/18 MP: 1/1
   116 | D:1      | Reached XP level 2. HP: 25/25 MP: 2/2
   290 | D:1      | Reached skill level 4 in Armour
   573 | D:1      | Reached XP level 3. HP: 30/30 MP: 3/3
   829 | D:2      | Found a faded altar of an unknown god.
   904 | D:2      | Found Icomucri's Weapon Shop.
  1465 | D:2      | Reached XP level 4. HP: 35/37 MP: 4/4
  1818 | D:3      | Found a bloodstained altar of Trog.
  2273 | D:4      | Noticed a phantom
  2287 | D:3      | Killed a phantom
  2288 | D:3      | Reached XP level 5. HP: 31/42 MP: 5/5
  2347 | D:4      | Noticed 0gre's ghost (amateur GnIE)
  2414 | D:4      | Found a glowing drain.
  2453 | Sewer    | Entered a sewer
  2518 | Sewer    | Reached skill level 5 in Maces & Flails
  2518 | Sewer    | Reached XP level 6. HP: 45/50 MP: 6/6
  2871 | D:4      | Found a runed translucent gate.
  2871 | D:4      | Found a runed translucent gate.
  2872 | D:4      | Found a runed translucent gate.
  2922 | D:4      | Gained mutation: You regenerate magic and health when
                  | rolling toward enemies. (Rampage Regen) [Armataur growth]
  2922 | D:4      | Reached XP level 7. HP: 44/56 MP: 7/7
  2998 | D:4      | Noticed Blork the orc
  3008 | D:4      | Killed Blork the orc
  3194 | D:4      | Noticed Edmund
  3212 | D:4      | Killed Edmund
  3501 | D:4      | Reached XP level 8. HP: 62/62 MP: 8/8
  3672 | D:5      | Entered Level 5 of the Dungeon
  4469 | D:6      | Reached skill level 5 in Armour
  4624 | D:6      | Identified the +6 scale mail of Vonabb {rF- Str-2 Dex+9}
  5012 | D:6      | Found a runed translucent door.
  5012 | D:6      | Noticed gamers12's ghost (amateur HOFi)
  5109 | D:6      | Reached skill level 5 in Shields
  5219 | D:6      | Found a staircase to the Ecumenical Temple.
  5276 | Temple   | Entered the Ecumenical Temple
  5281 | Temple   | Became a worshipper of Warmaster Okawaru
  5337 | D:6      | Reached XP level 9. HP: 66/71 MP: 9/9
  5497 | D:6      | Reached skill level 6 in Armour
  6101 | D:7      | Reached * piety under Okawaru
  6248 | D:7      | Reached skill level 10 in Maces & Flails
  6551 | D:7      | Found a shadowy altar of Dithmenos.
  6683 | D:8      | Reached skill level 5 in Fighting
  6820 | D:8      | Found a blossoming altar of Fedhas.
  6851 | D:8      | Identified the +6 scale mail "Cydghogho" {Harm rN++ Dex+4}
  6857 | D:8      | Reached skill level 7 in Armour
  7171 | D:8      | Got the Lectures on Darkness
  7216 | D:8      | Reached skill level 1 in Invocations
  7493 | D:9      | Noticed a two-headed ogre
  7508 | D:9      | Killed a two-headed ogre
  7508 | D:9      | Reached ** piety under Okawaru
  7509 | D:9      | Reached XP level 10. HP: 8/81 MP: 11/11
  7940 | D:9      | Reached skill level 8 in Armour
  7945 | D:9      | Reached *** piety under Okawaru
  8359 | D:9      | Identified the +2 robe "Huomypn" {Str+3}
  8382 | D:9      | Noticed a cyclops
  8397 | D:9      | Killed a cyclops
  8578 | D:10     | Entered Level 10 of the Dungeon
  8592 | D:9      | Reached **** piety under Okawaru
  8976 | D:10     | Found a staircase to the Orcish Mines.
  9120 | D:10     | Found a staircase to the Lair.
  9382 | D:10     | Reached XP level 11. HP: 58/91 MP: 14/14
  9939 | D:11     | Reached skill level 9 in Armour
 10477 | D:11     | Reached ***** piety under Okawaru
 10522 | D:11     | Reached skill level 5 in Invocations
 10606 | Lair:1   | Entered Level 1 of the Lair of Beasts
 10689 | Lair:1   | Received a gift from Okawaru
 11295 | Lair:1   | Reached skill level 10 in Armour
 11735 | Lair:2   | Received a gift from Okawaru
 11894 | Lair:2   | Reached XP level 12. HP: 101/101 MP: 15/17
 12272 | Lair:2   | Found a hole to the Spider Nest.
 12747 | Lair:2   | Noticed a seven-headed hydra
 12766 | Lair:2   | Killed a seven-headed hydra
 12766 | Lair:2   | Received a gift from Okawaru
 12803 | Lair:2   | Found a staircase to the Swamp.
 12846 | Lair:3   | Noticed Urug
 12890 | Lair:3   | Killed Urug
 13178 | Lair:3   | Noticed a six-headed hydra
 13186 | Lair:3   | Killed a six-headed hydra
 13187 | Lair:3   | Reached skill level 10 in Invocations
 13230 | Lair:3   | Noticed an eight-headed hydra
 13239 | Lair:3   | Killed an eight-headed hydra
 13240 | Lair:3   | Reached skill level 1 in Throwing
 13315 | Lair:3   | Noticed a boulder beetle
 13330 | Lair:3   | Killed a boulder beetle
 13401 | Lair:3   | Found a large runed translucent door.
 13401 | Lair:3   | Found a large runed translucent door.
 13443 | Lair:3   | Reached ****** piety under Okawaru
 13656 | Lair:3   | Acquired a +5 vampiric demon whip
 13656 | Lair:3   | Received a gift from Okawaru
 13838 | Lair:3   | Noticed wWBigheadWw's ghost (journeyman MiBe)
 14305 | Lair:4   | Noticed a seven-headed hydra
 14312 | Lair:4   | Killed a seven-headed hydra
 14465 | Lair:4   | Reached skill level 10 in Shields
 14552 | Lair:4   | Received a gift from Okawaru
 14588 | Lair:4   | Reached skill level 11 in Armour
 14603 | Lair:4   | Reached XP level 13. HP: 101/108 MP: 20/20
 14977 | Lair:5   | Entered Level 5 of the Lair of Beasts
 15204 | Lair:5   | Received a gift from Okawaru
 15307 | Lair:5   | Found a viscous altar of Jiyva.
 15629 | Lair:5   | Reached skill level 12 in Armour
 15644 | Lair:5   | Identified the +1 robe of Spite {Str+2 Stlth+}
 15779 | Lair:5   | Reached skill level 5 in Throwing
 15938 | Lair:5   | Received a gift from Okawaru
 16100 | Lair:5   | Identified the +1 scale mail of the Invisible Hand {rElec
                  | rF+ rC+ Will-}
 16230 | Lair:5   | Paralysed by a hornet for 1 turns
 16272 | Lair:5   | Received a gift from Okawaru
 16273 | Lair:5   | Reached XP level 14. HP: 119/119 MP: 21/21
 16395 | Lair:5   | Reached skill level 10 in Fighting
 16817 | Lair:5   | Found a staircase to the Slime Pits.
 17140 | D:12     | Reached skill level 13 in Armour
 17836 | D:13     | Found Imuvinid's Book Shop.
 17872 | D:13     | Received a gift from Okawaru
 18548 | Orc:1    | Entered Level 1 of the Orcish Mines
 18645 | Orc:2    | Entered Level 2 of the Orcish Mines
 18652 | Orc:2    | Noticed Josephine
 18694 | Orc:1    | Killed Josephine
 18753 | Orc:2    | Noticed an orc warlord
 18777 | Orc:2    | Killed an orc warlord
 18812 | Orc:1    | Found Pileigiu's Book Shoppe.
 18823 | Orc:1    | Received a gift from Okawaru
 18839 | Orc:1    | Reached skill level 14 in Armour
 19403 | Orc:2    | Found a staircase to the Elven Halls.
 19546 | Orc:2    | Paralysed by an orc sorcerer for 4 turns
 19548 | Orc:2    | Noticed an orc warlord
 19549 | Orc:2    | Killed from afar by an orc sorcerer

Illustrated notes

Levels and vault maps discovered:
D:1:      minmay_arrival_loop, layout_loops_ring
D:2:      layout_basic, serial_shops, shop, ebering_ecumenical_altar_sacrificial
D:3:      minmay_inner_zag, layout_basic, old_standard_altar
D:4:      minmay_razor_zed, layout_rooms, gammafunk_ghost_split,
          cheibrodos_sewer_entry_sluice, minmay_crystal_room,
          uniq_blork_the_orc, uniq_edmund
D:5:      layout_cave_pools, amcnicky_mini_corridor_feature, chequers_arboretum
D:6:      layout_cave_pools, temple_doors_e, serial_gnoll_camp,
          gnoll_camp_huts_moat, gnoll_camp_mini_hut, gnoll_camp_mini_hut,
          gnoll_camp_mini_doghouse, ebering_ghost_sewer_d
D:7:      layout_basic, mainiacjoe_overflow_catwalk, feat_on_display
D:8:      layout_basic, lemuel_round_altar, dk_noncrumbling_3
D:9:      layout_loops_ring, special_room [special_room_kobold],
          nicolae_zig_zag_zippers
D:10:     layout_long_grid, erik_lair_orcish_takeover, orc_0_dummy,
          hangedman_glass_teeth
D:11:     layout_roguey
D:12:     layout_stronghold
D:13:     layout_basic, serial_shops, nicolae_shop_advertising_works
          [nicolae_subvault_shop_adworks], ebering_dispersal_statue_hall
Temple:   compressed_dpeg_triangle_lava_temple
Lair:1:   layout_regular_city
Lair:2:   layout_regular_city, palyth_hydra_swamp_entry,
          spider_nest_entry_funnel_web, chequers_serial_rivers_large_b,
          infiniplex_staircase_pool_2
Lair:3:   layout_small_grid, ebering_ghost_disaster_area, uniq_urug
Lair:4:   layout_gridlike, chequers_serial_rivers_small_a
Lair:5:   wormcave, layout_cave_pods, hangedman_lair_tendril_chambers,
          minmay_slime_entry_oklob_enclosed
Orc:1:    layout_caves, serial_shops, nicolae_shop_tiny_statue_garden,
          david_defended_altar_orc
Orc:2:    st_orc_congregation, layout_caves, basic_altar, uniq_josephine

Skill      XL: |  1  2  3  4  5  6  7  8  9 10 11 12 13 14 |
---------------+-------------------------------------------+-----
Maces & Flails | 2 3 4 5 6 8 9 10 11 12 | 12.0
Armour         | 4 5 7 8 10 11 12 14 | 14.2
Shields        | 5 6 8 9 10 11 13 | 13.1
Fighting       | 4 5 6 7 8 9 11 | 11.1
Invocations    | 2 4 6 10 | 10.0
Throwing       | 2 5 7 |  7.8

Action                     |  1- 3 |  4- 6 |  7- 9 | 10-12 | 13-15 || total
---------------------------+-------+-------+-------+-------+-------++-------
  Melee: Flail             |   125 |   151 |   488 |   147 |       ||   911
         Tailslap          |     8 |    13 |    75 |   183 |   187 ||   466
         Whip              |       |       |       |   765 |       ||   765
         Demon whip        |       |       |       |    81 |   964 ||  1045
  Throw: Dart              |       |       |     8 |     2 |       ||    10
 Invoke: Receive Weapon    |       |       |       |     1 |       ||     1
  Evoke: Wand              |       |       |       |     5 |       ||     5
    Use: Potion            |     2 |       |       |     1 |     1 ||     4
         Scroll            |       |       |    20 |     7 |     1 ||    28
 Armour: Scale mail        |   143 |   121 |   315 |   463 |   511 ||  1553
  Dodge: Dodged            |    37 |    40 |   119 |   121 |    90 ||   407
  Block: Buckler           |    29 |    35 |   185 |   355 |   130 ||   734
         Reflection        |       |       |    16 |     5 |    27 ||    48
         Kite shield       |       |       |       |       |   352 ||   352
